 Dungeon Sprint DCSS version 0.16-a0-4004-g8d6611c (webtiles) character file.

800000 PolkaDot the Fighter (level 11, -34/100 HPs)
             Began as a Demonspawn Gladiator on Feb 15, 2015.
             Was an Initiate of Makhleb.
             Annihilated by a meat berserker
             ... wielding a +9 battleaxe
              (72 damage)
             ... in the Dungeon (Sprint VIII: "Arena of Blood").
             The game lasted 00:00:22 (8 turns).

PolkaDot the Fighter (Demonspawn Gladiator)            Turns: 8, Time: 00:00:22

Health: -34/100    AC:  5    Str: 15    XL:     11   Next: 37%
Magic:  11/11      EV: 22    Int:  9    God:    Makhleb [......]
Gold:   0          SH:  0    Dex: 18    Spells: 0 memorised, 10 levels left

rFire  . . .     SeeInvis .     k - +∞ Axe of Woe
rCold  . . .     Clarity  .     b - +0 leather armour
rNeg   . . .     SustAb   .     (no shield)
rPois  .         Gourm    .     (helmet restricted)
rElec  .         Spirit   .     (no cloak)
rCorr  .         Warding  .     (no gloves)
rMut   .         NoTele   +     (no boots)
MR     .....                    (no amulet)
Stlth  +.........               (no ring)
                                (no ring)

@: not resistant to hostile enchantments, very unstealthy
A: antennae 2, yellow scales 1, rot immunity
a: Renounce Religion


You were in the Dungeon.
You worshipped Makhleb.
Makhleb was noncommittal.
You were not hungry.

You visited 1 branch

Inventory:

Hand weapons
 k - the +∞ Axe of Woe (weapon)
   (You found it in the Dungeon)
Missiles
 d - 3 throwing nets (quivered)
Armour
 b - a +0 leather armour (worn)
 c - a +0 helmet
Scrolls
 j - a scroll of blinking
Potions
 e - a potion of curing
 f - a potion of heal wounds
 g - a potion of haste
 h - 2 potions of magic
 i - a potion of berserk rage
Comestibles
 a - a bread ration


   Skills:
 + Level 14.0 Fighting
 + Level 13.1 Throwing
 + Level 13.2 Dodging
 + Level 13.2 Unarmed Combat


You had 10 spell levels left.
You didn't know any spells.

Dungeon Overview and Level Annotations

Branches:
Dungeon (1/1)

Altars:
Makhleb


Innate Abilities, Weirdness & Mutations

You have a pair of antennae on your head.
You are partially covered in yellow scales (AC +2).
You are immune to rotting.


Message History

Your experience leads to an increase in your attributes!
Increase (S)trength, (I)ntelligence, or (D)exterity?
You feel agile.
Your demonic ancestry asserts itself...
The antennae on your head grow some more.
You have reached level 7!
You have reached level 8!
You feel agile.
You have reached level 9!
Your experience leads to an increase in your attributes!
Increase (S)trength, (I)ntelligence, or (D)exterity?
You feel agile.
Your demonic ancestry asserts itself...
You feel immune to rotting.
You have reached level 10!
You have reached level 11!
You hear a shout! x5
The meat berserker completely misses you.
You hear a shout! x10
The meat berserker hits you with a +9 battleaxe!!!!
Ouch! That really hurt!
You die...

.... ........
........ .........
. #.......# #..
#...o...#
....###.... ..###.
........O.###......
#.....@.._......
#.....o.#)....#...
.......#_.<._#
.......#.....#
.#...o...._......
.......o###......
o.###... ..###. .
#... ..# #... .#


You could see a meat berserker (berserk) and 5 bags of meat.

Vanquished Creatures
  An ogre (D)
1 creature vanquished.

Notes
Turn   | Place    | Note
--------------------------------------------------------------
     0 | D        | PolkaDot, the Demonspawn Gladiator, began the quest for the Orb.
     0 | D        | Reached XP level 1. HP: 16/16 MP: 1/1
     3 | D        | Noticed a bag of meat
     3 | D        | Noticed a meat berserker
     4 | D        | Became a worshipper of Makhleb the Destroyer
     6 | D        | Noticed a bag of meat
     7 | D        | Noticed a meat berserker
     7 | D        | Noticed a bag of meat
     7 | D        | Noticed a bag of meat
     8 | D        | Killed a meat berserker
     8 | D        | Reached skill level 14 in Fighting
     8 | D        | Gained mutation: You have a pair of small antennae on your head. [demonic ancestry]
     8 | D        | Reached XP level 2. HP: 19/42 MP: 2/2
     8 | D        | Reached XP level 3. HP: 21/48 MP: 3/3
     8 | D        | Reached XP level 4. HP: 24/55 MP: 4/4
     8 | D        | Gained mutation: You are partially covered in yellow scales (AC +2). [demonic ancestry]
     8 | D        | Reached XP level 5. HP: 26/61 MP: 5/5
     8 | D        | Gained mutation: You have a pair of antennae on your head. [demonic ancestry]
     8 | D        | Reached XP level 6. HP: 28/68 MP: 6/6
     8 | D        | Reached XP level 7. HP: 30/74 MP: 7/7
     8 | D        | Reached XP level 8. HP: 32/81 MP: 8/8
     8 | D        | Gained mutation: You are immune to rotting. [demonic ancestry]
     8 | D        | Reached XP level 9. HP: 34/87 MP: 9/9
     8 | D        | Reached XP level 10. HP: 36/94 MP: 10/10
     8 | D        | Reached XP level 11. HP: 38/100 MP: 11/11
     8 | D        | Annihilated by a meat berserker

Action                   |  1- 3 |  4- 6 |  7- 9 | 10-12 || total
-------------------------+-------+-------+-------+-------++-------
Melee: Executioner's axe |     1 |       |       |       ||     1
